[Event "Titled Tuesday Blitz May 4 2021"]
[White "Vivas Zamora, Fabian Ernesto"]
[Black "Rostovtsev, Dmitry"]
[WhiteFideId "3902480"]
[BlackFideId "34278320"]
[WhiteElo "1966"]
[BlackElo "2197"]
[Result "1/2-1/2"]
[Round "03"]
[TimeControl "180+1"]
[Date "2021.05.04"]
[WhiteClock "0:00:01"]
[BlackClock "0:00:07"]

1. c4 Nf6 2. Nc3 g6 3. g3 Bg7 4. Bg2 O-O 5. d4 d6 6. Nf3 Nc6 7. O-O e5 8. d5 Ne7 9. e4 Nd7 10. Ne1 f5 11. exf5 gxf5 12. f4 e4 13. Be3 Nc5 14. Bd4 Ng6 15. Bxg7 Kxg7 16. b4 Nd7 17. Nc2 Nf6 18. Qd4 Kg8 19. c5 Bd7 20. Ne3 Qe7 21. Bh3 Nh5 22. c6 bxc6 23. dxc6 Be6 24. Ncd5 Qf7 25. b5 Ng7 26. a4 Rfb8 27. Rab1 Bxd5 28. Nxd5 Ne6 29. Qc3 Nc5 30. a5 Qxd5 31. Rfd1 Qf7 32. Bf1 Qg7 33. Bc4+ Kh8 34. Qe3 Qf6 35. Kh1 Ne7 36. Rd2 Qg7 37. Rbd1 Rd8 38. b6 axb6 39. axb6 Nxc6 40. bxc7 Qxc7 41. Rd5 Qg7 42. Rxd6 Rxd6 43. Rxd6 Ne7 44. Qxc5 Ra1+ 45. Kg2 Ra8 46. Qe5 Qxe5 47. fxe5 Ng6 48. e6 Kg7 49. Rd7+ Kf6 50. Rf7+ Ke5 51. e7 Re8 52. Rxh7 Rxe7 53. Rxe7+ Nxe7 54. h4 Kd4 55. Bf7 e3 56. Kf1 Ke4 57. h5 Nc6 58. h6 Nd4 59. Bc4 Kf3 60. h7 e2+ 61. Bxe2+ Nxe2 62. h8=Q Nxg3+ 63. Ke1 f4 64. Qc3+ Kg4 65. Kd1 f3 66. Ke1 f2+ 67. Kxf2 Ne4+ 68. Ke3 Nxc3 1/2-1/2


[Site "https://www.chess.com"]

[Event "Titled Tuesday Blitz May 4 2021"]
[White "Von Buelow, Georg"]
[Black "Rozhkov, Viacheslav"]
[WhiteFideId "4620658"]
[BlackFideId "4181484"]
[WhiteElo "2190"]
[BlackElo "2324"]
[Result "0-1"]
[Round "03"]
[TimeControl "180+1"]
[Date "2021.05.04"]
[WhiteClock "0:00:02"]
[BlackClock "0:00:12"]

1. e4 c5 2. Nf3 d6 3. d4 cxd4 4. Nxd4 Nf6 5. Nc3 Nc6 6. Bg5 Bd7 7. Qd2 Rc8 8. f4 h6 9. Bxf6 gxf6 10. Nf5 Qa5 11. Bd3 e6 12. Ne3 h5 13. O-O Rg8 14. Kh1 Be7 15. a3 h4 16. Rae1 h3 17. g3 Qh5 18. Be2 Qh7 19. Bf3 Nb8 20. Qe2 Bc6 21. Rd1 Nd7 22. Ned5 Bd8 23. Rfe1 Kf8 24. Ne3 Nc5 25. Nc4 Be7 26. Nxd6 Rd8 27. e5 Bxf3+ 28. Qxf3 fxe5 29. fxe5 Bxd6 30. Rxd6 Rxd6 31. exd6 Qxc2 32. Rf1 f5 33. Rf2 Qc1+ 34. Rf1 Qxb2 35. d7 Nxd7 36. Qd3 Qg2# 0-1


[Site "https://www.chess.com"]

[Event "Titled Tuesday Blitz May 4 2021"]
[White "Vukovic, Zdravko"]
[Black "Belanoff, Ted"]
[WhiteFideId "900877"]
[BlackFideId "2070588"]
[WhiteElo "2470"]
[BlackElo "2173"]
[Result "1/2-1/2"]
[Round "03"]
[TimeControl "180+1"]
[Date "2021.05.04"]
[WhiteClock "0:01:18"]
[BlackClock "0:01:07"]

1. e4 d5 2. exd5 Qxd5 3. Nc3 Qd6 4. d4 c6 5. Nge2 Nf6 6. Qd3 g6 7. Bf4 Qb4 8. O-O-O Bg7 9. Qd2 Nbd7 10. a3 Qa5 11. Bh6 Bxh6 12. Qxh6 Nb6 13. f3 Bf5 14. g4 Be6 15. Nf4 O-O-O 16. Nxe6 fxe6 17. Qe3 Rd6 18. g5 Nfd5 19. Qe5 Rhd8 20. Ne4 Kc7 21. c4 Na4 22. b4 Qa6 23. cxd5 b5 24. Nc5 Nxc5 25. dxc5 Qxa3+ 26. Qb2 Qe3+ 27. Qd2 Qa3+ 28. Qb2 Qe3+ 29. Qd2 Qa3+ 30. Qb2 1/2-1/2


[Site "https://www.chess.com"]

[Event "Titled Tuesday Blitz May 4 2021"]
[White "Wagh Suyog"]
[Black "Spencenzug"]
[WhiteFideId "25071688"]
[WhiteElo "2219"]
[BlackElo "2321"]
[Result "1-0"]
[Round "03"]
[TimeControl "180+1"]
[Date "2021.05.04"]
[WhiteClock "0:01:09"]
[BlackClock "0:00:03"]

1. c4 e5 2. Nc3 Bb4 3. Nd5 Bc5 4. Nf3 d6 5. e3 c6 6. d4 cxd5 7. dxc5 dxc5 8. cxd5 Nd7 9. e4 Ngf6 10. Bd3 h6 11. g4 Nxg4 12. Rg1 Ngf6 13. Rxg7 Kf8 14. Rg1 c4 15. Bc2 Nc5 16. Qe2 Bg4 17. Bd2 Rc8 18. h3 Bh5 19. Qe3 Bxf3 20. Qxf3 Nd3+ 21. Bxd3 cxd3 22. Qxd3 Qb6 23. Bc3 Nh5 24. Bxe5 Qa5+ 25. Bc3 Rxc3 26. Qxc3 Qxc3+ 27. bxc3 Nf4 28. Rg3 Ke7 29. Kd2 Rc8 30. Rb1 b6 31. Rb4 Rc7 32. Rd4 Rd7 33. c4 Kd6 34. Ke3 Ke5 35. Rg4 Nxh3 36. f4+ Kf6 37. Rh4 Ng1 38. Rxh6+ Kg7 39. Rh1 1-0


[Site "https://www.chess.com"]

[Event "Titled Tuesday Blitz May 4 2021"]
[White "Wagner, Dennis"]
[Black "Angel_Hranitel_37"]
[WhiteFideId "24650684"]
[WhiteElo "2355"]
[BlackElo "2516"]
[Result "0-1"]
[Round "03"]
[TimeControl "180+1"]
[Date "2021.05.04"]
[WhiteClock "0:00:04"]
[BlackClock "0:00:28"]

1. e4 c5 2. Nf3 e6 3. d4 cxd4 4. Nxd4 Nf6 5. Nc3 Nc6 6. Qd3 d5 7. exd5 Nb4 8. Qg3 Nbxd5 9. Nxd5 Nxd5 10. Bb5+ Bd7 11. Bxd7+ Qxd7 12. O-O Bd6 13. Qxg7 O-O-O 14. Qg4 h5 15. Qe2 h4 16. Nb5 Rdg8 17. Rd1 Rg6 18. Nxd6+ Qxd6 19. Bd2 Rhg8 20. g3 hxg3 21. fxg3 Rxg3+ 22. Kh1 Ne3 23. Bxe3 Qc6+ 0-1


[Site "https://www.chess.com"]

[Event "Titled Tuesday Blitz May 4 2021"]
[White "Weetik, Vjacheslav"]
[Black "Astafurov, Arseniy"]
[WhiteFideId "4153472"]
[BlackFideId "24175218"]
[WhiteElo "2469"]
[BlackElo "2163"]
[Result "1-0"]
[Round "03"]
[TimeControl "180+1"]
[Date "2021.05.04"]
[WhiteClock "0:00:08"]
[BlackClock "0:00:09"]

1. d4 Nf6 2. Bf4 d5 3. e3 c5 4. c3 Nc6 5. Nd2 Bf5 6. Ngf3 Qb6 7. Nh4 Be4 8. f3 Bg6 9. Nxg6 hxg6 10. Qb3 e6 11. g4 Be7 12. Be2 Rc8 13. Kf1 cxd4 14. exd4 Nd7 15. Kg2 g5 16. Bg3 g6 17. h3 Kf8 18. a4 Kg7 19. Qb5 Nf6 20. a5 Qxb5 21. Bxb5 a6 22. Bd3 Ne8 23. Nb3 Bd6 24. Bf2 Bf4 25. Nc5 Nd6 26. Ra3 Rc7 27. Rha1 Na7 28. Re1 Re8 29. Raa1 Nc6 30. Re2 Ra8 31. Rxe6 fxe6 32. Nxe6+ Kf6 33. Nxc7 Rd8 34. Nxd5+ Kg7 35. Nxf4 gxf4 36. Re1 g5 37. h4 gxh4 38. Bxh4 Rd7 39. Re6 Nxa5 40. d5 Nac4 41. Bf6+ Kf7 42. g5 Ne3+ 43. Kh3 Nxd5 44. Re1 Nxf6 45. gxf6 Kxf6 46. Kg4 Nf7 47. Be4 Re7 48. Kxf4 Ng5 49. Rd1 Ne6+ 50. Ke3 Rg7 51. Rd6 Ke7 52. Rb6 Nd8 53. Bxb7 Rg1 54. Bxa6 Re1+ 55. Kf4 Ra1 56. Bc4 Ra5 57. Ke4 Kd7 58. Bd5 Kc7 59. Rb4 Ra1 60. c4 Re1+ 61. Kf5 Kd6 62. f4 Kc5 63. Rb8 Re8 64. b4+ Kd6 65. b5 Rf8+ 66. Kg4 Kc7 67. Ra8 Re8 68. f5 Re1 69. f6 Rg1+ 70. Kf5 Rf1+ 71. Kg6 Rg1+ 72. Kh6 Rh1+ 73. Bxh1 1-0


[Site "https://www.chess.com"]

[Event "Titled Tuesday Blitz May 4 2021"]
[White "WelshTiger"]
[Black "Sahil, Tickoo"]
[BlackFideId "5019710"]
[WhiteElo "2482"]
[BlackElo "2099"]
[Result "1-0"]
[Round "03"]
[TimeControl "180+1"]
[Date "2021.05.04"]
[WhiteClock "0:02:04"]
[BlackClock "0:02:23"]

1. e4 c5 2. Nf3 d6 3. d4 cxd4 4. Nxd4 Nf6 5. Nc3 a6 6. h3 e5 7. Nde2 h5 8. Bg5 Ke7 9. Nd5+ Ke8 10. Nec3 Nbd7 11. Be2 Be7 12. Nxe7 Qxe7 13. O-O Qe6 14. b3 b5 15. a4 Bb7 16. axb5 axb5 17. Rxa8+ Bxa8 18. Nxb5 1-0


[Site "https://www.chess.com"]

[Event "Titled Tuesday Blitz May 4 2021"]
[White "Wilson, Elvin"]
[Black "Shankovskyi, Andrii"]
[WhiteFideId "2014874"]
[BlackFideId "14121565"]
[WhiteElo "2237"]
[BlackElo "2269"]
[Result "1-0"]
[Round "03"]
[TimeControl "180+1"]
[Date "2021.05.04"]
[WhiteClock "0:01:44"]
[BlackClock "0:01:06"]

1. c4 e6 2. g3 d5 3. Bg2 Nf6 4. Nf3 Nc6 5. O-O Bc5 6. d4 Bb4 7. Ne5 Nxe5 8. dxe5 Nd7 9. cxd5 Nxe5 10. Qa4+ Qd7 11. Qxb4 exd5 12. Rd1 c6 13. e4 Qg4 14. Nc3 Nf3+ 15. Bxf3 Qxf3 16. exd5 cxd5 17. Qf4 Qh5 18. Qd6 Be6 19. Be3 Qg4 20. Nxd5 Rc8 21. Qe7# 1-0


[Site "https://www.chess.com"]

[Event "Titled Tuesday Blitz May 4 2021"]
[White "Winslow, Elliott"]
[Black "Seul, Georg"]
[WhiteFideId "2002523"]
[BlackFideId "4601653"]
[WhiteElo "2245"]
[BlackElo "2332"]
[Result "0-1"]
[Round "03"]
[TimeControl "180+1"]
[Date "2021.05.04"]
[WhiteClock "0:01:45"]
[BlackClock "0:01:50"]

1. e4 e5 2. Nf3 Nc6 3. Bb5 a6 4. Ba4 Nf6 5. O-O Be7 6. Bxc6 dxc6 7. d3 Nd7 8. Nbd2 O-O 9. Nc4 f6 10. Nh4 Nc5 11. Kh1 Ne6 12. Nf5 c5 13. g3 Kh8 14. Nce3 Nd4 15. c3 Nxf5 16. Nxf5 Bxf5 17. exf5 Qd5+ 18. f3 Rad8 19. Be3 Qxd3 20. Qe1 Qxf5 0-1


[Site "https://www.chess.com"]

[Event "Titled Tuesday Blitz May 4 2021"]
[White "Wisniowski, Natalie"]
[Black "Plotnikov, Pavel"]
[WhiteFideId "30929261"]
[BlackFideId "4170342"]
[WhiteElo "1702"]
[BlackElo "2298"]
[Result "0-1"]
[Round "03"]
[TimeControl "180+1"]
[Date "2021.05.04"]
[WhiteClock "0:00:34"]
[BlackClock "0:01:40"]

1. d4 Nf6 2. c4 g6 3. Nf3 Bg7 4. g3 O-O 5. Bg2 d6 6. O-O Nbd7 7. Nc3 e5 8. e4 Qe7 9. Be3 b6 10. Qc2 Bb7 11. d5 a5 12. Nb5 Nc5 13. Nd2 Ng4 14. Bxc5 bxc5 15. h3 Nh6 16. f4 f5 17. Rae1 Ba6 18. a4 Bxb5 19. axb5 Qd7 20. exf5 Nxf5 21. Kh2 exf4 22. Rxf4 Be5 23. Rxe5 dxe5 24. Re4 Nd4 25. Qd1 Rae8 26. Qe1 Qf5 27. Nf1 Qf2 28. Qxf2 Rxf2 29. Ne3 Rxb2 30. Ng4 Kg7 31. h4 a4 32. Kh3 a3 33. Re1 a2 34. Ra1 Nb3 35. Re1 Rb1 36. Rxe5 Rxe5 37. Nxe5 a1=Q 0-1


[Site "https://www.chess.com"]

[Event "Titled Tuesday Blitz May 4 2021"]
[White "Wu, Christopher"]
[Black "Grunberg, Mihai-Lucian"]
[WhiteFideId "2040875"]
[BlackFideId "1204149"]
[WhiteElo "2609"]
[BlackElo "2364"]
[Result "1-0"]
[Round "03"]
[TimeControl "180+1"]
[Date "2021.05.04"]
[WhiteClock "0:01:49"]
[BlackClock "0:02:03"]

1. e4 d6 2. d4 Nf6 3. Nc3 g6 4. Be3 c6 5. Qd2 b5 6. f3 b4 7. Nce2 a5 8. h4 h5 9. Nh3 Nbd7 10. Ng5 e5 11. O-O-O Qc7 12. Kb1 Nb6 13. Nc1 Ba6 14. Bxa6 Rxa6 15. f4 Be7 16. f5 O-O 17. fxg6 fxg6 18. Ne6 Qc8 19. Nxf8 Bxf8 20. dxe5 dxe5 21. Rhf1 Nxe4 22. Qd3 1-0


[Site "https://www.chess.com"]

[Event "Titled Tuesday Blitz May 4 2021"]
[White "Xiong, Jeffery"]
[Black "Chirila, Ioan-Cristian"]
[WhiteFideId "2047640"]
[BlackFideId "1211668"]
[WhiteElo "2724"]
[BlackElo "2445"]
[Result "1-0"]
[Round "03"]
[TimeControl "180+1"]
[Date "2021.05.04"]
[WhiteClock "0:02:51"]
[BlackClock "0:01:51"]

1. e4 e5 2. Nf3 Nc6 3. Nc3 Nf6 4. d4 exd4 5. Nxd4 Bb4 6. Nxc6 bxc6 7. Bd3 d5 8. exd5 O-O 9. O-O cxd5 10. Qf3 c6 11. h3 Re8 12. Bf4 Bd6 13. Rfe1 Be6 14. Ne2 Rb8 15. b3 Qc7 16. Rad1 Nd7 17. c4 Ne5 18. Qg3 Rbd8 19. c5 1-0


[Site "https://www.chess.com"]

[Event "Titled Tuesday Blitz May 4 2021"]
[White "Yavorovsky, Valeriy"]
[Black "Najdin, Danil"]
[WhiteFideId "14121549"]
[BlackFideId "4172426"]
[WhiteElo "2267"]
[BlackElo "2193"]
[Result "1/2-1/2"]
[Round "03"]
[TimeControl "180+1"]
[Date "2021.05.04"]
[WhiteClock "0:00:10"]
[BlackClock "0:00:03"]

1. d4 f5 2. g3 Nf6 3. Bg2 e6 4. Nf3 d5 5. O-O Bd6 6. c4 c6 7. b3 Qe7 8. Bb2 b6 9. Qc1 O-O 10. Ba3 Nbd7 11. Bxd6 Qxd6 12. Qb2 Ba6 13. Nbd2 Ne4 14. Rac1 Rac8 15. e3 c5 16. Qa3 Bb7 17. Rfd1 cxd4 18. Qxd6 Nxd6 19. Nxd4 e5 20. Ne6 Rfe8 21. Bxd5 Bxd5 22. cxd5 Nf6 23. Nc4 Nf7 24. a4 g6 25. f4 Nxd5 26. Rxd5 Rxe6 27. Rcd1 exf4 28. exf4 Rce8 29. R1d2 Re2 30. Kf1 Rxd2 31. Rxd2 Re7 32. Kf2 Kg7 33. Rd5 Kf6 34. a5 bxa5 35. Rxa5 Rb7 36. Ra6+ Ke7 37. Na5 Rc7 38. Rxa7 Rxa7 39. Nc6+ Kd6 40. Nxa7 Kc5 41. Ke3 Nd6 42. Kd3 Kb6 43. Kd4 Kxa7 44. Ke5 Ne4 45. g4 Nc5 46. gxf5 gxf5 47. Kxf5 Nxb3 48. Kf6 Kb7 49. Kg7 h5 50. Kh6 h4 51. f5 Nc5 52. f6 Kc7 53. h3 Nd7 54. f7 Kd6 55. Kg5 Ke7 56. Kxh4 Kxf7 57. Kg4 1/2-1/2


[Site "https://www.chess.com"]

[Event "Titled Tuesday Blitz May 4 2021"]
[White "Yoo, Christopher Woojin"]
[Black "Bellahcene, Bilel"]
[WhiteFideId "30909694"]
[BlackFideId "696358"]
[WhiteElo "2009"]
[BlackElo "2493"]
[Result "1-0"]
[Round "03"]
[TimeControl "180+1"]
[Date "2021.05.04"]
[WhiteClock "0:01:05"]
[BlackClock "0:00:04"]

1. d4 Nf6 2. Nf3 d5 3. c4 e6 4. Nc3 Bb4 5. Qb3 c5 6. dxc5 Nc6 7. Bg5 dxc4 8. Qxc4 Qa5 9. Bxf6 gxf6 10. Rc1 Qxc5 11. Qh4 Ke7 12. g3 Bxc3+ 13. bxc3 e5 14. Bh3 Be6 15. Bxe6 fxe6 16. O-O Rad8 17. Qh6 Kf7 18. Nd2 Qd5 19. Rfd1 Ne7 20. c4 Qc6 21. Nf3 Qe4 22. Rd2 Rxd2 23. Qxd2 Qc6 24. Qh6 Qe4 25. Qd2 Qc6 26. Qc3 Rd8 27. Nd2 Nf5 28. e3 Nd6 29. Qd3 Kg7 30. Qe2 Nf5 31. Qg4+ Kh8 32. Ne4 Nh6 33. Qh4 Ng8 34. Nxf6 Qc7 35. Nxh7 1-0


[Site "https://www.chess.com"]

[Event "Titled Tuesday Blitz May 4 2021"]
[White "Yurtseven, Melih"]
[Black "Unneland, Mathias"]
[WhiteFideId "6312160"]
[BlackFideId "1525581"]
[WhiteElo "2160"]
[BlackElo "1975"]
[Result "1-0"]
[Round "03"]
[TimeControl "180+1"]
[Date "2021.05.04"]
[WhiteClock "0:01:25"]
[BlackClock "0:01:26"]

1. d4 Nf6 2. c4 e6 3. Nc3 Bb4 4. Qc2 O-O 5. e4 d5 6. e5 Ne4 7. Bd3 c5 8. Nf3 cxd4 9. Nxd4 Nd7 10. Bf4 Qh4 11. g3 Qh5 12. O-O g5 13. cxd5 exd5 14. Nxd5 gxf4 15. Bxe4 Qxe5 16. Nf3 Qd6 17. Rad1 Bc5 18. Bxh7+ Kg7 19. Nxf4 Qc6 20. Be4 Qb6 21. Qc3+ Qf6 22. Nh5+ 1-0


[Site "https://www.chess.com"]

[Event "Titled Tuesday Blitz May 4 2021"]
[White "Zeltsan, Joseph"]
[Black "Sailer, Mike"]
[WhiteFideId "30932980"]
[BlackFideId "2012901"]
[WhiteElo "2195"]
[BlackElo "2109"]
[Result "0-1"]
[Round "03"]
[TimeControl "180+1"]
[Date "2021.05.04"]
[WhiteClock "0:00:15"]
[BlackClock "0:00:07"]

1. e4 d5 2. exd5 Qxd5 3. Nc3 Qd6 4. d4 Nf6 5. g3 c6 6. Bg2 Bf5 7. Nf3 e6 8. O-O Be7 9. Bf4 Qd8 10. Ne5 h6 11. Rb1 a5 12. a3 O-O 13. b4 axb4 14. axb4 Ra3 15. Ne2 Nbd7 16. b5 Nxe5 17. Bxe5 Nd5 18. bxc6 bxc6 19. Rb7 f6 20. Bf4 Qa8 21. Rd7 Bb4 22. c4 Nc3 23. Nxc3 Rxc3 24. Rc7 Rxc4 25. Qb3 Qa6 26. Ra7 Qxa7 27. Qxc4 c5 28. d5 Re8 29. d6 Kh8 30. Rd1 e5 31. Be3 Rd8 32. Bc6 Bd7 33. Bg2 Bc6 34. Qxb4 Bxg2 35. Kxg2 Qa8+ 36. f3 cxb4 37. d7 Qb7 38. Bb6 Rxd7 0-1


[Site "https://www.chess.com"]

[Event "Titled Tuesday Blitz May 4 2021"]
[White "Zhigalko, Sergei"]
[Black "Klimkowski, Jan"]
[WhiteFideId "13502956"]
[BlackFideId "21856222"]
[WhiteElo "2662"]
[BlackElo "1903"]
[Result "1-0"]
[Round "03"]
[TimeControl "180+1"]
[Date "2021.05.04"]
[WhiteClock "0:00:59"]
[BlackClock "0:00:33"]

1. e4 c5 2. Nf3 d6 3. d4 cxd4 4. Qxd4 Nc6 5. Bb5 a6 6. Bxc6+ bxc6 7. c4 e5 8. Qd3 Ne7 9. O-O Ng6 10. Nc3 Be7 11. c5 O-O 12. cxd6 Qxd6 13. Qxd6 Bxd6 14. Rd1 Be7 15. h3 Rb8 16. b3 Be6 17. Be3 Rfd8 18. Na4 Nf4 19. Nxe5 Ne2+ 20. Kf1 Bf6 21. Nxc6 Rxd1+ 22. Rxd1 Rc8 23. e5 Bh4 24. g3 Nxg3+ 25. fxg3 Bxg3 26. Ne7+ 1-0


[Site "https://www.chess.com"]

[Event "Titled Tuesday Blitz May 4 2021"]
[White "Zverev, Lev"]
[Black "Demchenko, Anton"]
[WhiteFideId "24250775"]
[BlackFideId "4160258"]
[WhiteElo "2107"]
[BlackElo "2593"]
[Result "1-0"]
[Round "03"]
[TimeControl "180+1"]
[Date "2021.05.04"]
[WhiteClock "0:00:32"]
[BlackClock "0:00:01"]

1. e4 e5 2. Nf3 Nc6 3. Bb5 g6 4. O-O Bg7 5. c3 a6 6. Ba4 d6 7. d4 Bd7 8. Be3 Nf6 9. Nbd2 Qe7 10. h3 O-O 11. Bc2 a5 12. a4 exd4 13. cxd4 Nb4 14. Bb1 b5 15. b3 c5 16. e5 dxe5 17. dxc5 Nfd5 18. Ne4 bxa4 19. c6 Nxe3 20. fxe3 Bxc6 21. bxa4 Rfd8 22. Qe2 f5 23. Nc3 e4 24. Nd4 Bxd4 25. exd4 Rxd4 26. Nb5 Bxb5 27. Qxb5 Kg7 28. Ba2 Qa7 29. Qe5+ Kh6 30. Kh1 Nd3 31. Qf6 Rd7 32. Rxf5 Qd4 33. Qh4+ Kg7 34. Rff1 Rf8 35. Rab1 Rxf1+ 36. Rxf1 Qe5 37. Qg4 Re7 38. Qe2 h5 39. Qe3 Qc5 40. Qg3 Qe5 41. Qe3 h4 42. Qe2 Nf4 43. Qc4 e3 44. Qg8+ Kh6 45. Qf8+ Kg5 46. Rxf4 1-0


[Site "https://www.chess.com"]

[Event "Titled Tuesday Blitz May 4 2021"]
[White "de Leon, Patricia"]
[Black "Nastore, Pavel-Alexandru"]
[WhiteFideId "3000273"]
[BlackFideId "1255002"]
[WhiteElo "1989"]
[BlackElo "1809"]
[Result "0-1"]
[Round "03"]
[TimeControl "180+1"]
[Date "2021.05.04"]
[WhiteClock "0:00:01"]
[BlackClock "0:00:22"]

1. d4 Nf6 2. c4 c6 3. Nc3 d5 4. cxd5 cxd5 5. Bf4 Nc6 6. e3 a6 7. Rc1 e6 8. Nf3 Bd6 9. Bxd6 Qxd6 10. Bd3 O-O 11. O-O Nd7 12. e4 dxe4 13. Nxe4 Qe7 14. Bb1 Nf6 15. Nxf6+ Qxf6 16. Re1 Bd7 17. Ne5 Rad8 18. Qd3 g6 19. Rcd1 Be8 20. Qe4 Qg7 21. a3 Bd7 22. h4 Rfe8 23. h5 Nxe5 24. dxe5 Bc6 25. Qh4 gxh5 26. g3 Rxd1 27. Rxd1 Qxe5 28. b4 Bf3 29. Rc1 f5 30. Qg5+ Qg7 31. Qf4 Qg4 32. Qxg4+ hxg4 33. Rc7 h5 34. Kf1 Bc6 35. Ba2 Bb5+ 36. Ke1 Bc6 37. Ke2 f4 38. gxf4 h4 39. f5 h3 40. fxe6 h2 41. e7+ Kh8 42. Rc8 Rxc8 43. e8=Q+ Rxe8+ 0-1


[Site "https://www.chess.com"]

[Event "Titled Tuesday Blitz May 4 2021"]
[White "elcandado"]
[Black "Devaev, Alexander"]
[BlackFideId "4169395"]
[WhiteElo "2598"]
[BlackElo "2185"]
[Result "0-1"]
[Round "03"]
[TimeControl "180+1"]
[Date "2021.05.04"]
[WhiteClock "0:00:07"]
[BlackClock "0:00:08"]

1. d4 Nf6 2. Bf4 e6 3. e3 c5 4. c3 b6 5. Nd2 Bb7 6. Ngf3 Nh5 7. Bg5 Be7 8. Bxe7 Qxe7 9. Bd3 O-O 10. Qe2 d6 11. O-O a6 12. b4 Nd7 13. Rab1 cxd4 14. cxd4 b5 15. Rfc1 Rfc8 16. h3 h6 17. Nb3 Nhf6 18. Na5 Nb6 19. e4 Na4 20. Qe1 Rab8 21. a3 Ba8 22. Nh2 Nd7 23. f3 Nf8 24. Ng4 Ng6 25. Qg3 e5 26. d5 Kh7 27. Ne3 Qd8 28. Nf5 Rxc1+ 29. Rxc1 Nb2 30. Bf1 Qf8 31. Rc7 Nd3 32. Bxd3 Rc8 33. Rxc8 Qxc8 34. Qe1 Qc7 35. Qd2 Qa7+ 36. Qf2 Qc7 37. Qe1 Bb7 38. Nxb7 Qxb7 39. Kh2 Qc7 40. Bf1 Nf8 41. Qg3 g6 42. Ne3 Nd7 43. Ng4 Kg7 44. Qh4 h5 45. Nf2 Nf6 46. Qg5 Qb6 47. Kg3 Qd4 48. Qc1 Qb6 49. Qd1 Qd8 50. Qe2 Qc7 51. Kh2 Qd8 52. Qe3 Qc7 53. Nh1 Qc2 54. Ng3 Qd1 55. Nf5+ gxf5 56. Qg5+ Kf8 57. Qxf6 Qxf1 58. Qxd6+ Kg8 59. Qxe5 fxe4 60. Qxe4 Qa1 61. Qf5 Qxa3 62. d6 Qxb4 63. Qg5+ Kf8 64. d7 Qd6+ 65. Kh1 Qd1+ 66. Kh2 Qxd7 67. Kh1 Qd1+ 68. Kh2 Qd6+ 69. f4 Qg6 70. Qd8+ Kg7 71. Qd4+ Qf6 72. Qe4 a5 73. g3 b4 74. g4 hxg4 75. hxg4 Qh4+ 76. Kg2 Qxg4+ 77. Kf2 Qh4+ 78. Ke3 Qf6 79. Kf3 Qe6 80. Qd4+ Qf6 81. Qc5 Qc3+ 82. Qxc3+ bxc3 0-1


[Site "https://www.chess.com"]

[Event "Titled Tuesday Blitz May 4 2021"]
[White "elohunter1999"]
[Black "Bures, Vit"]
[BlackFideId "309052"]
[WhiteElo "2495"]
[BlackElo "2131"]
[Result "1-0"]
[Round "03"]
[TimeControl "180+1"]
[Date "2021.05.04"]
[WhiteClock "0:00:35"]
[BlackClock "0:00:01"]

1. d4 d5 2. c4 c6 3. Nc3 Nf6 4. e3 e6 5. Nf3 Nbd7 6. Bd3 dxc4 7. Bxc4 b5 8. Bd3 Bd6 9. O-O O-O 10. e4 e5 11. dxe5 Nxe5 12. Nxe5 Bxe5 13. h3 Re8 14. Be3 b4 15. Na4 a5 16. Rc1 Ba6 17. Bxa6 Rxa6 18. Qxd8 Rxd8 19. f3 Bd4 20. Bxd4 Rxd4 21. Rfd1 Rxd1+ 22. Rxd1 Kf8 23. Nc5 Ra8 24. g4 h6 25. h4 g5 26. Rd6 Ke7 27. e5 Nd5 28. Rd7+ Ke8 29. hxg5 hxg5 30. e6 fxe6 31. Rh7 Rd8 32. Rh8+ Ke7 33. Rxd8 Kxd8 34. Nxe6+ 1-0


[Site "https://www.chess.com"]

[Event "Titled Tuesday Blitz May 4 2021"]
[White "gross-aleks"]
[Black "San, Thit Lwin"]
[BlackFideId "13001272"]
[WhiteElo "2606"]
[BlackElo "2232"]
[Result "1-0"]
[Round "03"]
[TimeControl "180+1"]
[Date "2021.05.04"]
[WhiteClock "0:00:22"]
[BlackClock "0:00:09"]

1. c4 Nf6 2. g3 e5 3. Bg2 Nc6 4. Nc3 Bc5 5. e3 O-O 6. Nf3 d6 7. O-O Re8 8. d4 Bb6 9. c5 exd4 10. cxb6 dxc3 11. bxc7 Qxc7 12. bxc3 Ne5 13. Nd4 Qxc3 14. Bd2 Qd3 15. Bb4 d5 16. Qxd3 Nxd3 17. Ba3 Ne5 18. Nb5 Nc4 19. Nc7 Bd7 20. Nxe8 Rxe8 21. Bc5 a6 22. Bd4 Ne4 23. Rfc1 Bc6 24. a4 f5 25. a5 g6 26. Ra2 Kf7 27. Bf1 Bb5 28. f3 Ned6 29. Kf2 Ke6 30. h3 h6 31. g4 Rf8 32. Kg3 g5 33. Bd3 f4+ 34. exf4 Rxf4 35. Bg7 Ne5 36. Bxe5 Rxf3+ 37. Kxf3 Bxd3 38. Bxd6 Bc4 39. Rd2 Kxd6 40. Ke3 Kc5 41. Rb2 d4+ 42. Ke4 d3 43. Ke5 d2 44. Rxd2 Kb4 45. Rd4 Kxa5 46. Rcxc4 b5 47. Rc5 Kb6 48. Rcd5 b4 49. Rd6+ Kc5 50. Rxa6 b3 51. Ra1 b2 52. Rb1 h5 53. Rxb2 hxg4 54. hxg4 Kc6 55. Rd5 Kc7 56. Rd6 Kc8 57. Rh2 1-0


[Site "https://www.chess.com"]

[Event "Titled Tuesday Blitz May 4 2021"]
[White "katchesskat"]
[Black "Golizadeh, Asghar"]
[BlackFideId "12505269"]
[WhiteElo "2269"]
[BlackElo "2403"]
[Result "0-1"]
[Round "03"]
[TimeControl "180+1"]
[Date "2021.05.04"]
[WhiteClock "0:00:09"]
[BlackClock "0:01:12"]

1. c4 e6 2. Nf3 Nf6 3. a3 d5 4. b4 dxc4 5. e3 b5 6. Bb2 Be7 7. Qc2 O-O 8. a4 c6 9. h4 Nbd7 10. Nc3 a6 11. axb5 cxb5 12. Nxb5 Rb8 13. Nbd4 Bb7 14. Bxc4 Rc8 15. Qb3 Qb6 16. Ng5 Bd5 17. Bxd5 Nxd5 18. Qd3 N7f6 19. Nc2 Rfd8 20. Qb3 Nxb4 21. Nxb4 Bxb4 22. Bxf6 Bxd2+ 0-1


[Site "https://www.chess.com"]

[Event "Titled Tuesday Blitz May 4 2021"]
[White "mattcolins2025"]
[Black "Matveeva, Olga"]
[BlackFideId "24107018"]
[WhiteElo "2471"]
[BlackElo "2108"]
[Result "0-1"]
[Round "03"]
[TimeControl "180+1"]
[Date "2021.05.04"]
[WhiteClock "0:00:23"]
[BlackClock "0:00:05"]

1. d4 Nf6 2. c4 e6 3. Nc3 Bb4 4. Qc2 d5 5. Bg5 h6 6. Bxf6 Qxf6 7. Nf3 O-O 8. e3 c5 9. dxc5 Bxc3+ 10. Qxc3 Qxc3+ 11. bxc3 dxc4 12. Bxc4 Nd7 13. c6 bxc6 14. O-O Rb8 15. Nd4 Bb7 16. Rfd1 Ne5 17. Bb3 c5 18. Nb5 c4 19. Bc2 Bd5 20. Rab1 a6 21. Nc7 Bb7 22. Rb6 Rfc8 23. Nxa6 Bxa6 24. Rxa6 Rb2 25. Be4 Nd3 26. f4 Nf2 27. Rc6 Rcb8 28. Rd4 Ng4 29. g3 Nxe3 30. Rcd6 g6 31. Rd8+ Rxd8 32. Rxd8+ Kg7 33. a4 Ra2 34. Ra8 Kf6 35. a5 Nd1 36. a6 Nxc3 37. Bf3 Nd5 38. Rc8 Ne3 39. a7 Rxa7 40. Kf2 Nd5 41. Rxc4 Ra2+ 42. Be2 g5 43. fxg5+ hxg5 44. Kf3 Kg6 45. Bd3+ f5 46. Rc6 g4# 0-1


[Site "https://www.chess.com"]

[Event "Titled Tuesday Blitz May 4 2021"]
[White "parintele_chess"]
[Black "Mohandesi, Shahin"]
[BlackFideId "12501247"]
[WhiteElo "2265"]
[BlackElo "1993"]
[Result "1-0"]
[Round "03"]
[TimeControl "180+1"]
[Date "2021.05.04"]
[WhiteClock "0:01:24"]
[BlackClock "0:01:02"]

1. g3 e5 2. Bg2 d5 3. f3 h5 4. Nh3 h4 5. g4 Nc6 6. Nf2 f5 7. h3 Nf6 8. O-O Bd6 9. e3 Qe7 10. Nc3 Be6 11. d3 d4 12. Nb5 Bc5 13. e4 fxg4 14. fxg4 a6 15. Na3 O-O-O 16. Nc4 Bxc4 17. dxc4 Qe6 18. Qe2 d3 19. cxd3 Nd4 20. Qd1 Rd7 21. a3 Ba7 22. Be3 Rhd8 23. b4 Nc2 24. Bxa7 Nxa1 25. Be3 Qc6 26. Qxa1 Qa4 27. Qxe5 Qxa3 28. Qc5 b6 29. Qc6 Kb8 30. e5 1-0


[Site "https://www.chess.com"]